 Dungeon Crawl Stone Soup version 0.25.1-8-g42b30a86e7 (webtiles) character file.

Game seed: 1746898760845348228

69 Clowwww the Skirmisher (level 4, 0/41 HPs)
             Began as a Hill Orc Abyssal Knight on Dec 9, 2020.
             Was a Follower of Lugonu.
             Slain by a gnoll
             ... wielding a +0 spear
              (1 damage)
             ... on level 2 of the Dungeon.
             The game lasted 00:05:41 (2102 turns).

Clowwww the Skirmisher (Hill Orc Abyssal Knight)    Turns: 2102, Time: 00:05:42

Health: 0/41       AC:  3    Str: 15    XL:     4   Next: 20%
Magic:  5/5        EV: 11    Int: 12    God:    Lugonu [*.....]
Gold:   105        SH:  0    Dex: 10    Spells: 3/3 levels left

rFire    . . .     SeeInvis .   a - +1 hand axe
rCold    . . .     Gourm    .   (no shield)
rNeg     . . .     Faith    .   b - +0 leather armour
rPois    .         Spirit   .   (no helmet)
rElec    .         Reflect  .   (no cloak)
rCorr    .         Harm     .   (no gloves)
MR       +....                  (no boots)
Stlth    +.........             (no amulet)
HPRegen  0.13/turn              d - ring of protection from magic
MPRegen  0.09/turn              (no ring)

@: no status effects
A: no striking features
a: Depart the Abyss, Renounce Religion


You were on level 2 of the Dungeon.
You worshipped Lugonu.
Lugonu was aware of your devotion.
You were not hungry.

You visited 1 branch of the dungeon, and saw 2 of its levels.
You visited the Abyss 1 time.

You collected 105 gold pieces.

Inventory:

Hand Weapons
 a - a +1 hand axe (weapon)
Missiles
 l - a boomerang (quivered)
Armour
 b - a +0 leather armour (worn)
Jewellery
 d - a ring of protection from magic (left hand)
 k - an uncursed ring of poison resistance {unknown}
Scrolls
 f - a scroll of enchant armour {unknown}
 g - a scroll of acquirement {unknown}
 h - 3 scrolls of immolation {unknown}
 j - 3 scrolls of identify {unknown}
 m - a scroll of teleportation {unknown}
 o - a scroll of fear {unknown}
Potions
 e - a potion of degeneration {unknown}
 i - a potion of haste {unknown}
Comestibles
 c - 5 rations
 n - 2 chunks of flesh


   Skills:
 + Level 4.7 Fighting
 + Level 3.8 Axes
 + Level 0.5 Throwing
 + Level 2.6 Armour
 + Level 1.0 Dodging
 + Level 2.5 Invocations


You had 3 spell levels left.
You didn't know any spells.
Your spell library was empty.

Dungeon Overview and Level Annotations

Branches:
Dungeon (2/15)

Altars:
Yredelemnul


Message History

You closely miss the gnoll. The gnoll closely misses you. The gnoll hits you.
The gnoll closely misses you.
You hit the gnoll.
The gnoll is severely wounded.
You hit the gnoll. The gnoll barely misses you. x2
You hit the gnoll.
The gnoll is almost dead.
You hit the gnoll.
A bat comes into view.
The gnoll hits you. x2
The gnoll hits you from afar with a +0 spear!
* * * LOW HITPOINT WARNING * * *
You closely miss the gnoll.
The gnoll is almost dead.
You hit the gnoll. The gnoll hits you!
* * * LOW HITPOINT WARNING * * *
The gnoll hits you.
* * * LOW HITPOINT WARNING * * *
The gnoll hits you from afar with a +0 spear.
You die...

#..# ..[.......# ##.##
#.# ..........#####..#
#.# ..........##.....##
#.# ..........##....÷÷#
#.# ..........##....#.#
#.#
......w...##....#.###.#
.....ggg..##...÷#..##)#
#@# #....##.##.# #)#
#....##..#.# #.#
#..........# #.#
#....###.#.##
#.#######.........
#..÷....#####...#.
#######.#####..>#.
#.........#.
#.#..P.P....


You could see a worm and 3 gnolls.

Vanquished Creatures
  A gnoll (D:2)
  An adder (D:2)
  An ooze (D:1)
  A worm (D:2)
  3 leopard geckos
  An orc (D:2)
  2 giant cockroaches
  4 goblins
  4 hobgoblins
  2 jackals (D:2)
  A ball python (D:2)
  4 bats (D:2)
  5 frilled lizards
  5 kobolds
  3 rats (D:2)
38 creatures vanquished.

Notes
Turn   | Place    | Note
-------+----------+-------------------------------------------
     0 | Abyss:1  | Clowwww the Hill Orc Abyssal Knight began the quest for the
                  | Orb.
     0 | Abyss:1  | Reached XP level 1. HP: 19/19 MP: 2/2
    44 | Abyss:2  | Found a corrupted altar of Lugonu.
    96 | Abyss:2  | Noticed an orange demon
    97 | D:1      | Escaped the Abyss
   122 | D:1      | Reached skill level 4 in Fighting
   319 | D:1      | Reached XP level 2. HP: 27/27 MP: 3/3
   499 | D:1      | Reached * piety under Lugonu
   996 | D:2      | Reached XP level 3. HP: 9/34 MP: 4/4
  1698 | D:2      | Reached skill level 1 in Dodging
  1795 | D:2      | Found a basalt altar of Yredelemnul.
  1828 | D:2      | Reached XP level 4. HP: 25/41 MP: 5/5
  2102 | D:2      | HP: 1/41 [gnoll (4)]
  2102 | D:2      | Slain by a gnoll

Illustrated notes

Levels and vault maps discovered:
D:1:      lightli_arrival_chessboard, layout_loops_ring, roderic_lattice_a,
          minmay_misc_feat_iff
D:2:      layout_basic, yredelemnul_altar_generic,
          chequers_ecumenical_altar_simple_redux

Skill      XL: |  1  2  3 |
---------------+----------+-----
Fighting       | 4 |  4.7
Axes           | 3 |  3.8
Dodging        | 1 |  1.0
Throwing       | |  0.5
Armour         | |  2.6
Invocations    | |  2.5

Action                   |  1- 3 |  4- 6 || total
-------------------------+-------+-------++-------
Melee: Hand axe          |   106 |    18 ||   124
Throw: Boomerang         |    24 |       ||    24
Invok: Depart the Abyss  |     1 |       ||     1
  Use: Scroll            |     1 |       ||     1
  Eat: Chunk             |     3 |     1 ||     4
Armor: Leather armour    |    31 |     3 ||    34
Dodge: Dodged            |    80 |    11 ||    91
